 Dungeon Crawl Stone Soup version 0.20.1-1-g8b1a95d66d (webtiles) character file.

119576 HessuHobo the Executioner (level 16, -14/147 HPs)
             Began as a Minotaur Berserker on Nov 15, 2017.
             Was the Champion of Trog.
             Killed from afar by a bog body (24 damage)
             ... with a bolt of cold
             ... on level 2 of the Swamp on Nov 16, 2017.
             The game lasted 01:10:00 (25708 turns).

HessuHobo the Executioner (Minotaur Berserker)     Turns: 25708, Time: 01:10:01

Health: -14/147    AC: 28    Str: 29    XL:     16   Next: 28%
Magic:  5/5        EV: 10    Int:  4    God:    Trog [******]
Gold:   1162       SH:  0    Dex: 12    Spells: 15/15 levels left

rFire    + . .     SeeInvis .   E - +3 executioner's axe (antimagic)
rCold    . . .     Gourm    .   (shield currently unavailable)
rNeg     . . .     Faith    +   l - +5 chain mail {rF+}
rPois    +         Spirit   .   (helmet restricted)
rElec    .         Reflect  .   R - +2 cloak {rPois}
rCorr    .         Harm     .   w - +2 pair of gloves
MR       ++...                  M - +0 pair of boots
Stlth    ..........             F - amulet of faith
Regen    0.4/turn               s - ring of protection from magic
MPRegen  0.1/turn               j - +2 ring of dexterity

@: berserk cooldown, slowed, very slow
A: retaliatory headbutt, fangs 1, horns 2, no potion heal 1
a: Berserk, Trog's Hand, Brothers in Arms, Burn Spellbooks, Renounce Religion


You were on level 2 of the Swamp.
You worshipped Trog.
Trog was exalted by your worship.
You were not hungry.

You visited 3 branches of the dungeon, and saw 23 of its levels.
You also visited: Ice Cave.

You collected 1682 gold pieces.
You spent 520 gold pieces at shops.

Inventory:

Hand Weapons
 b - a +6 battleaxe of freezing
 E - a +3 antimagic executioner's axe (weapon)
 L - a +3 shortbow of freezing
Armour
 l - a +5 chain mail of fire resistance (worn)
 w - a +2 pair of gloves (worn)
 B - a +2 pair of gloves of strength
 M - a +0 pair of boots (worn)
 R - a +2 cloak of poison resistance (worn)
 W - a +0 ring mail of fire resistance
Jewellery
 c - an uncursed ring of magical power
 d - the ring "Hepucau" {Ice MR+++ Str-3 Int+4, unknown}
   (You found it on level 4 of the Lair of Beasts)

   [ring of ice]

   It enhances your ice magic.
   It affects your strength (-3).
   It affects your intelligence (+4).
   It makes you vulnerable to fire.
   It protects you from cold.
   It affects your resistance to hostile enchantments.
 j - a +2 ring of dexterity (right hand)
 p - an uncursed ring of ice {unknown}
 q - a +3 ring of evasion {unknown}
 s - a ring of protection from magic (left hand)
 u - an uncursed ring of poison resistance
 A - an uncursed ring of wizardry {unknown}
 F - an amulet of faith (around neck)
 G - a cursed ring of loudness {unknown}
 H - an uncursed ring of stealth {unknown}
 N - an uncursed amulet of harm {unknown}
 U - an uncursed ring of ice {unknown}
 V - the ring of Panentheism {*Tele rPois rF- MR+ Int+2, unknown}
   (You found it on level 6 of the Lair of Beasts)

   [ring of teleportation]

   It may teleport you next to monsters.
   It affects your intelligence (+2).
   It makes you vulnerable to fire.
   It protects you from poison.
   It affects your resistance to hostile enchantments.
 X - an uncursed ring of wizardry {unknown}
 Z - an uncursed ring of ice {unknown}
Wands
 z - a wand of paralysis (17/24)
 D - a wand of digging (13/24)
 I - a wand of digging (8/24)
 J - a wand of polymorph (9/24)
 O - a wand of confusion (23/48)
 P - a wand of digging (18/24)
 T - a wand of random effects (33/48)
Scrolls
 e - 14 scrolls of teleportation
 f - 9 scrolls of remove curse
 i - 6 scrolls of magic mapping
 t - 3 scrolls of recharging
 y - 2 scrolls of fear
 Y - a scroll of brand weapon
Potions
 a - a potion of magic {unknown}
 g - 4 potions of brilliance
 h - a potion of ambrosia {unknown}
 k - a potion of cancellation
 n - 4 potions of might
 o - a potion of flight
 v - 6 potions of curing
 C - a potion of heal wounds
 K - 2 potions of haste
 S - 2 potions of agility
Miscellaneous
 Q - a phial of floods
Comestibles
 m - 22 fruits
 r - 7 royal jellies
 x - 11 meat rations


   Skills:
 + Level 14.9 Fighting
 * Level 23.8 Axes
 * Level 16.3 Armour
 - Level 2.1 Dodging
 + Level 3.3 Evocations


You had 15 spell levels left.
You didn't know any spells.

Dungeon Overview and Level Annotations

Branches:
Dungeon (15/15)            Temple (0/1) D:5            Lair (6/6) D:11
  Swamp (2/4) Lair:3        Snake (0/4) Lair:4        Slime (0/5) Lair:6
    Orc (0/2) D:9          Vaults (0/5) D:14         Depths (0/5) D:15

Altars:
Ashenzari
Cheibriados
Gozag
Hepliaklqana
Nemelex Xobeh
Okawaru
Ru
Uskayaw
Vehumet
Xom
Yredelemnul
Zin

Shops:
D:10 }   D:12 [

Portals:
Trove: D:13 (give horn of Geryon)

Annotations:
D:6 exclusions: upstairs and 2 more exclusions
Swamp:2 Donald


Innate Abilities, Weirdness & Mutations

You reflexively headbutt those who attack you in melee.
You have a pair of horns on your head.
You have very sharp teeth.
Potions are less effective at restoring your health.


Message History

Donald hits you with an eveningstar of flaming!!
* * * LOW HITPOINT WARNING * * *
Donald burns you.
* * * LOW HITPOINT WARNING * * *
The spiny frog barely misses you.
You hear a distant "Zot"!
The spriggan rider barely misses you. You furiously retaliate!
You headbutt the spriggan rider.
Okay, then.
As you read the scroll of fear, it crumbles to dust.
You assume a fearsome visage.
Donald looks frightened!
The bog body is unaffected.
The spriggan rider looks frightened!
The spiny frog looks frightened!
The swamp dragon looks frightened!
Your surroundings suddenly seem different.
Found 19 gold pieces.
A spiny frog comes into view.
The spiny frog croaks.
The bog body points at you and mumbles some strange words.
The bolt of cold hits you!
You die...

≈♣♣.≈≈ ..≈≈≈.
≈≈...≈♣ ≈≈≈F≈.. ♣♣
≈≈≈≈≈≈.♣♣♣.♣♣ ♣♣♣
≈≈≈≈≈≈.≈≈...♣♣♣..♣
≈≈≈≈≈≈.≈....≈♣.≈≈.
♣≈.@...≈≈≈.≈≈≈
♣♣♣....≈...≈≈≈
♣....♣≈.....♣
♣.≈≈$..≈≈≈..≈
♣.≈≈≈≈.n≈≈≈...
♣≈≈≈≈≈.≈≈≈≈.≈≈
≈..≈≈≈≈≈........≈
♣..≈.!≈≈.≈.♣....[≈
♣.≈≈$........≈≈≈..


You could see a bog body and a spiny frog.

Vanquished Creatures
  Nikola (Swamp:2)
  A frost giant (IceCv)
  Azrael (D:15)
  Snorg (Lair:4)
  2 vault guards (D:14)
  14 hydras
  2 catoblepae (Lair:6)
  3 alligators (Swamp:1)
  6 two-headed ogres
  6 centaur warriors
  21 death yaks
  A tengu warrior (D:15)
  A deep troll shaman (Lair:6)
  Urug (Lair:5)
  6 skeletal warriors (D:14)
  A deep troll (D:15)
  An orange crystal statue (D:8)
  2 unseen horrors (D:15)
  A deep elf archer (D:15)
  3 deep elf magi
  An orc knight (D:15)
  5 ugly things
  2 manticores (D:15)
  Joseph (D:7)
  6 black mambas
  Maurice (D:12)
  3 elephants (Lair:6)
  10 spiny frogs
  An ice statue (IceCv)
  Psyche (D:9)
  2 gargoyles
  3 centaur skeletons
  4 kobold demonologists (D:15)
  2 rime drakes
  A freezing wraith (D:13)
  A redback zombie (D:15)
  6 komodo dragons
  2 ice devils (Lair:3)
  11 trolls
  2 tyrant leeches (Swamp:1)
  2 hornets
  A harpy skeleton (D:14)
  18 polar bears
  2 bog bodies (Swamp:1)
  12 blink frogs
  A meliai zombie (D:14)
  6 slime creatures
  20 hippogriffs
  Sigmund (D:6)
  4 shadows
  A spriggan (Lair:2)
  A water elemental (D:14)
  A wraith (D:15)
  2 wyverns
  3 hungry ghosts
  46 yaks
  2 basilisks
  A steam dragon (D:7)
  The ghost of HessuHobo the Ruffian, an amateur DrTm of Okawaru (D:3)
  Menkaure (D:4)
  2 swamp worms (Swamp:1)
  8 vampire mosquitoes
  3 nagas (Lair:4)
  An acid dragon (D:12)
  7 hell hounds (D:15)
  17 water moccasins
  2 hornet zombies
  10 porcupines
  10 orc warriors
  5 swamp drakes
  3 black bears
  2 ice beasts
  A swamp drake (shapeshifter) (D:15)
  2 sky beasts
  8 ogres
  2 phantoms
  15 crocodiles
  6 centaurs
  45 wolves
  8 big kobolds
  28 bullfrogs
  A wyvern zombie (D:12)
  4 scorpions
  5 killer bees
  3 electric eels
  8 howler monkeys
  5 crimson imps
  2 bullfrog zombies
  5 centaur zombies
  3 jellies
  9 orc priests
  5 hounds
  12 orc wizards
  3 bullfrog skeletons
  7 iguanas
  13 worker ants
  A hound zombie (D:5)
  2 worker ant zombies
  Robin (D:2)
  4 hound skeletons
  3 gnolls (D:7)
  5 adders
  2 river rats (Lair:4)
  4 shadow imps
  An ooze (D:5)
  2 adder skeletons
  5 worms
  6 dart slugs
  2 leopard geckos (D:3)
  58 orcs
  8 giant cockroaches
  16 goblins
  11 hobgoblins
  10 jackals
  4 quokkas
  3 ball pythons
  7 bats
  5 frilled lizards
  22 kobolds
  9 rats
  6 fungi
  3 plants
736 creatures vanquished.

Vanquished Creatures (collateral kills)
  2 hydras (Lair:6)
  A centaur warrior (D:15)
  2 vault guards (D:14)
  A two-headed ogre (D:15)
  An unseen horror (D:12)
  A cyclops (D:12)
  2 manticores
  A shadow (D:11)
  2 wraiths
  A hungry ghost (D:12)
  A hound (D:12)
  An orc (D:12)
16 creatures vanquished.

Vanquished Creatures (others)
  A swamp worm (Swamp:2)
  2 fungi
  4 plants
7 creatures vanquished.

Grand Total: 759 creatures vanquished

Notes
Turn   | Place    | Note
-------+----------+-------------------------------------------
     0 | D:1      | HessuHobo the Minotaur Berserker began the quest for the Orb.
     0 | D:1      | Reached XP level 1. HP: 19/19 MP: 0/0
   200 | D:1      | Reached skill level 4 in Axes
   279 | D:1      | Reached XP level 2. HP: 27/27 MP: 1/1
   812 | D:2      | Found an iron altar of Okawaru.
   814 | D:2      | Noticed Robin
   832 | D:2      | Killed Robin
   832 | D:2      | Reached ** piety under Trog
   832 | D:2      | Reached skill level 5 in Axes
   832 | D:2      | Reached XP level 3. HP: 33/33 MP: 2/2
  1625 | D:3      | Found a glowing silver altar of Zin.
  1708 | D:3      | Reached XP level 4. HP: 35/40 MP: 3/3
  1971 | D:3      | Reached *** piety under Trog
  2017 | D:3      | Reached skill level 6 in Axes
  2131 | D:3      | Noticed HessuHobo's ghost (amateur DrTm)
  2140 | D:3      | Reached XP level 5. HP: 46/46 MP: 4/4
  2149 | D:3      | Killed HessuHobo's ghost
  2149 | D:3      | Reached skill level 7 in Axes
  2149 | D:3      | Reached XP level 6. HP: 52/52 MP: 5/5
  2521 | D:4      | Noticed Menkaure
  2527 | D:4      | Killed Menkaure
  2527 | D:4      | Reached skill level 8 in Axes
  2561 | D:4      | Found a shattered altar of Ashenzari.
  2615 | D:4      | Reached XP level 7. HP: 60/60 MP: 6/6
  2662 | D:4      | Found a snail-covered altar of Cheibriados.
  2809 | D:4      | Found a hazy altar of Hepliaklqana.
  3243 | D:5      | Entered Level 5 of the Dungeon
  3289 | D:5      | Reached skill level 9 in Axes
  3699 | D:5      | Reached **** piety under Trog
  3762 | D:5      | Found a staircase to the Ecumenical Temple.
  4253 | D:6      | Reached skill level 5 in Armour
  4276 | D:6      | Noticed Sigmund
  4287 | D:6      | Killed Sigmund
  4329 | D:6      | Reached skill level 10 in Axes
  4329 | D:6      | Reached XP level 8. HP: 67/67 MP: 7/7
  4369 | D:6      | Reached skill level 5 in Fighting
  4787 | D:7      | Found an opulent altar of Gozag.
  4966 | D:7      | Noticed a hippogriff
  4978 | D:7      | Killed a hippogriff
  4978 | D:7      | Reached skill level 11 in Axes
  5211 | D:7      | Noticed a hippogriff
  5226 | D:7      | Killed a hippogriff
  5226 | D:7      | Reached XP level 9. HP: 72/75 MP: 8/8
  5275 | D:7      | Reached skill level 12 in Axes
  5326 | D:7      | Found a shimmering altar of Xom.
  5326 | D:7      | Found a faded altar of an unknown god.
  5332 | D:7      | Found a radiant altar of Vehumet.
  5332 | D:7      | Noticed Joseph
  5335 | D:7      | Found a faded altar of an unknown god.
  5341 | D:7      | Killed Joseph
  5345 | D:7      | Found a basalt altar of Yredelemnul.
  5654 | D:8      | Noticed a two-headed ogre
  5666 | D:8      | Killed a two-headed ogre
  5666 | D:8      | Reached skill level 13 in Axes
  5736 | D:8      | Found a sacrificial altar of Ru.
  6365 | D:8      | Reached XP level 10. HP: 78/86 MP: 9/9
  6450 | D:8      | Noticed an orange crystal statue
  6473 | D:8      | Killed an orange crystal statue
  6688 | D:8      | Noticed a brown ugly thing
  7000 | D:9      | Reached skill level 14 in Axes
  7041 | D:9      | Reached ***** piety under Trog
  7418 | D:9      | Noticed Psyche
  7427 | D:9      | Killed Psyche
  7667 | D:9      | Found a staircase to the Orcish Mines.
  7846 | D:9      | Found a hide-covered altar of Uskayaw.
  8076 | D:10     | Entered Level 10 of the Dungeon
  8288 | D:10     | Noticed a two-headed ogre
  8294 | D:10     | Killed a two-headed ogre
  8294 | D:10     | Reached skill level 15 in Axes
  8294 | D:10     | Reached skill level 10 in Armour
  8867 | D:10     | Received a gift from Trog
  8874 | D:10     | Reached XP level 11. HP: 88/95 MP: 10/10
  8884 | D:10     | Found Zauklomn's Gadget Boutique.
  9036 | D:10     | Bought a phial of floods for 520 gold pieces
  9168 | D:11     | Found a staircase to the Lair.
  9414 | D:11     | Reached skill level 16 in Axes
  9414 | D:11     | Reached XP level 12. HP: 106/106 MP: 10/13
  9784 | D:11     | Reached skill level 10 in Fighting
  9812 | D:11     | Received a gift from Trog
 10083 | D:12     | Noticed a centaur warrior
 10091 | D:12     | Killed a centaur warrior
 10091 | D:12     | Reached skill level 17 in Axes
 10202 | D:12     | Noticed a two-headed ogre
 10205 | D:12     | Killed a two-headed ogre
 10216 | D:12     | Noticed a two-headed ogre
 10221 | D:12     | Killed a two-headed ogre
 10786 | D:12     | Found Nyd Nupi's Antique Armour Emporium.
 10908 | D:12     | Noticed Maurice
 10916 | D:12     | Killed Maurice
 11654 | D:12     | Found a sparkling altar of Nemelex Xobeh.
 11743 | D:13     | Noticed a seven-headed hydra
 11750 | D:13     | Killed a nine-headed hydra
 11750 | D:13     | Reached skill level 18 in Axes
 11764 | D:13     | Received a gift from Trog
 11944 | D:13     | Reached ****** piety under Trog
 11944 | D:13     | Reached XP level 13. HP: 96/116 MP: 14/14
 12182 | D:13     | Found a portal to a secret trove of treasure.
 12399 | D:14     | Reached skill level 19 in Axes
 12718 | D:14     | Identified a scroll of acquirement
 12719 | D:14     | Found a gate to the Vaults.
 12721 | D:14     | Got a bloodstained executioner's axe
 12723 | D:14     | Identified the +5 executioner's axe of Supply {pain, Int+2} (You acquired it on level 14 of the Dungeon)
 14574 | D:15     | Entered Level 15 of the Dungeon
 14588 | D:15     | Received a gift from Trog
 14661 | D:15     | Reached skill level 20 in Axes
 14720 | D:15     | Found a staircase to the Depths.
 14737 | D:15     | Reached XP level 14. HP: 20/127 MP: 15/15
 15248 | D:15     | Noticed Azrael
 15267 | D:15     | Killed Azrael
 15314 | D:15     | Received a gift from Trog
 16241 | Lair:1   | Entered Level 1 of the Lair of Beasts
 16879 | Lair:1   | Reached skill level 21 in Axes
 17502 | Lair:2   | Reached skill level 15 in Armour
 17502 | Lair:2   | Received a gift from Trog
 18696 | Lair:3   | Received a gift from Trog
 18704 | Lair:3   | Found a staircase to the Swamp.
 19054 | Lair:3   | Found a frozen archway.
 19073 | IceCv    | Entered an ice cave
 19238 | IceCv    | Reached XP level 15. HP: 113/137 MP: 5/16
 19568 | IceCv    | Noticed a frost giant
 19585 | IceCv    | Killed a frost giant
 19604 | IceCv    | Reached skill level 22 in Axes
 19916 | IceCv    | Gained mutation: Potions are less effective at restoring your health. [potion of mutation]
 19916 | IceCv    | Gained mutation: You have very sharp teeth. [potion of mutation]
 20496 | Lair:4   | Received a gift from Trog
 20984 | Lair:4   | Got a heavily runed tin ring
 21114 | Lair:4   | Found a staircase to the Snake Pit.
 21117 | Lair:4   | Noticed Snorg
 21134 | Lair:4   | Killed Snorg
 21750 | Lair:5   | Noticed Urug
 21759 | Lair:5   | Killed Urug
 22059 | Lair:5   | Received a gift from Trog
 22911 | Lair:6   | Entered Level 6 of the Lair of Beasts
 23440 | Lair:6   | Reached skill level 23 in Axes
 23744 | Lair:6   | Received a gift from Trog
 23954 | Lair:6   | Found a staircase to the Slime Pits.
 24084 | Lair:6   | Got a coiled copper ring
 24327 | Lair:6   | Reached XP level 16. HP: 147/147 MP: 5/17
 24708 | Swamp:1  | Entered Level 1 of the Swamp
 25673 | Swamp:2  | Noticed Nikola
 25687 | Swamp:2  | Noticed Donald
 25694 | Swamp:2  | Killed Nikola
 25702 | Swamp:2  | HP: 7/147 [Donald/eveningstar of flaming (6)]
 25708 | Swamp:2  | Killed from afar by a bog body

Skill      XL: |  1  2  3  4  5  6  7  8  9 10 11 12 13 14 15 |
---------------+----------------------------------------------+-----
Axes           | 4 5 6 7 8 10 11 13 15 16 18 20 21 23 | 23.8
Fighting       | 4 6 7 8 9 11 12 13 14 | 14.9
Armour         | 3 4 5 7 8 10 11 12 13 15 16 | 16.3
Evocations     | 3 |  3.3
Dodging        | |  2.1

Action                   |  1- 3 |  4- 6 |  7- 9 | 10-12 | 13-15 | 16-18 || total
-------------------------+-------+-------+-------+-------+-------+-------++-------
Melee: Hand axe          |    87 |   106 |   280 |   213 |       |       ||   686
       Headbutt          |    15 |    15 |    63 |    88 |   236 |    20 ||   437
       War axe           |       |       |       |    66 |       |       ||    66
       Battleaxe         |       |       |       |   111 |   490 |       ||   601
       Executioner's axe |       |       |       |       |   485 |    86 ||   571
       Bite              |       |       |       |       |    43 |    19 ||    62
Invok: Berserk           |     1 |     2 |     6 |     6 |    14 |     3 ||    32
       Burn Spellbooks   |       |       |     1 |     1 |     6 |       ||     8
       Trog's Hand       |       |       |     1 |       |     7 |     1 ||     9
       Brothers in Arms  |       |       |     1 |     2 |     2 |     1 ||     6
Evoke: Phial of floods   |       |       |       |     1 |       |       ||     1
  Use: Scroll            |    12 |     2 |     3 |    10 |    12 |     2 ||    41
       Potion            |     6 |       |     3 |     7 |     6 |     1 ||    23
 Stab: Invisible         |       |       |     4 |       |       |       ||     4
       Petrified         |       |       |       |       |     3 |       ||     3
       Confused          |       |       |       |       |       |     1 ||     1
  Eat: Chunk             |     2 |     5 |       |     6 |     9 |       ||    22
       Bread ration      |       |     2 |     4 |     2 |     8 |     1 ||    17
       Meat ration       |       |       |     1 |     1 |       |       ||     2
       Fruit             |       |       |       |    12 |    15 |     3 ||    30
       Royal jelly       |       |       |       |       |     1 |       ||     1
Armor: Animal skin       |     1 |       |       |       |       |       ||     1
       Chain mail        |    30 |    61 |   155 |   192 |   757 |    75 ||  1270
Dodge: Dodged            |    40 |    59 |    92 |   142 |   441 |    57 ||   831
